 Dungeon Crawl Stone Soup version 0.31-a0-204-g7da18cac08 (webtiles) character file.

Game seed: 14833752851148891422

43 qw the Shooter (level 3, -2/20 HPs)
             Began as a Deep Elf Hunter on June 27, 2023.
             Slain by Grinder (5 damage)
             ... on level 3 of the Dungeon.
             The game lasted 00:00:28 (1057 turns).

qw the Shooter (Deep Elf Hunter)                    Turns: 1057, Time: 00:00:29

Health: -2/20      AC:  6    Str: 10    XL:     3   Next: 37%
Magic:  5/5        EV: 11    Int: 13    God:
Gold:   70         SH:  0    Dex: 18    Spells: 2/2 levels left

rFire   . . .        Y - +1 shortbow
rCold   . . .        (shield currently unavailable)
rNeg    . . .        a - +0 ring mail
rPois   .            (no helmet)
rElec   .            g - +0 cloak
rCorr   .            (no gloves)
SInv    .            (no boots)
Will    .....        (no amulet)
Stlth   +            (no ring)
HPRegen 0.23/turn    (no ring)
MPRegen 0.09/turn

%: no passive effects
@: about to teleport
A: no striking features
a: no special abilities


You were on level 3 of the Dungeon.
You visited 1 branch of the dungeon, and saw 3 of its levels.

You collected 118 gold pieces.
You spent 48 gold pieces at shops.


   Skills:
 - Level 1.5 Fighting
 + Level 6.9 Ranged Weapons
 - Level 2.4 Dodging
 - Level 1.2 Stealth


You had 2 spell levels left.
You didn't know any spells.
Your spell library was empty.

Inventory:

Hand Weapons
 Y - a +1 shortbow (weapon)
Armour
 a - a +0 ring mail (worn)
 g - a +0 cloak (worn)
Potions
 d - a potion of brilliance {unknown}
 e - 2 potions of enlightenment {unknown}
 h - a potion of heal wounds {unknown}
 k - a potion of curing {unknown}

Dungeon Overview and Level Annotations

Branches:
Dungeon (3/15)

Altars:

Shops:
D:1 *   D:2 [

Annotations:
D:3 Grinder


Message History

Found a stone staircase leading up.
Grinder and an orc come into view.
Grinder shouts!
The orc shouts!
Grinder gestures at you.
You suddenly lose the ability to move!
Grinder says, "At least Makhleb appreciates what I'm doing."
The orc hits you with a +0 flail.
You can move again.
You shoot an arrow. The arrow completely misses the orc.
The orc hits you with a +0 flail.
You shoot an arrow. The arrow hits the orc.
The orc is heavily wounded.
The orc barely misses you.
Grinder rolls her eyes.
Grinder blinks!
You shoot an arrow. The arrow hits the orc.
The orc is severely wounded.
The orc hits you with a +0 flail.
You shoot an arrow. The arrow hits the orc.
The orc is almost dead.
The orc misses you.
Grinder blinks!
You shoot an arrow. The arrow hits the orc.
You kill the orc!
You start resting.
Grinder is nearby!
You shoot an arrow. The arrow hits Grinder!
Grinder is lightly wounded.
You shoot an arrow. The arrow closely misses Grinder.
Grinder hits you but does no damage.
You shoot an arrow. The arrow hits Grinder.
Grinder is moderately wounded.
Grinder barely misses you.
You shoot an arrow. The arrow hits Grinder.
Grinder is heavily wounded.
Grinder hits you.
You writhe in agony.
1057 ||| READING scroll of teleportation.
As you read the scroll of teleportation, it crumbles to dust.
You feel strangely unstable. Grinder hits you.
You die...

######### #
#.....(.###### ##
#.##.........#
.###.##.##.####.####
........##.##......#
.###.#####.##.#5##.#
## #.## #.##.#.@# #
####... ..## ##)#
....... ### ..#
##...... ..<.
........# ##.###
##......# #. # ....
#. > ##. #. ##


You could see Grinder.

Vanquished Creatures
  An adder (D:2)
  A worm (D:2)
  An orc (D:3)
  2 ball pythons (D:1)
  4 endoplasms
  2 giant cockroaches
  2 goblins (D:1)
  5 hobgoblins (D:1)
  2 kobolds
  A quokka (D:2)
  A bat (D:2)
  3 frilled lizards
  2 rats (D:1)
27 creatures vanquished.

Notes
Turn   | Place    | Note
-------+----------+-------------------------------------------
     0 | D:1      | qw the Deep Elf Hunter began the quest for the Orb.
     0 | D:1      | Reached XP level 1. HP: 12/12 MP: 3/3
     0 | D:1      | 0 ||| qw: Version: 0.3-a-22-g0ed2b0b
     0 | D:1      | 0 ||| qw: Game counter: 6610
     0 | D:1      | 0 ||| qw: Melee chars always use a shield: true
     0 | D:1      | 0 ||| qw: God list: Okawaru
     0 | D:1      | 0 ||| qw: Allow faded altars: false
     0 | D:1      | 0 ||| qw: Do Orc after clearing Dungeon:15 true
     0 | D:1      | 0 ||| qw: Do second Lair branch before Depths: true
     0 | D:1      | 0 ||| qw: Lair rune preference: random
     0 | D:1      | 0 ||| qw: Goals: Normal
     0 | D:1      | 0 ||| PLANNING D:1-11
   102 | D:1      | HP: 3/12 [goblin/+0 club (3)]
   226 | D:1      | Reached skill level 6 in Ranged Weapons
   226 | D:1      | Reached XP level 2. HP: 16/16 MP: 4/4
   452 | D:1      | Found Zepeex's General Store.
   460 | D:1      | 460 ||| BUYING +0 scale mail (48 gold).
   460 | D:1      | Bought a +0 scale mail for 48 gold pieces
   460 | D:1      | 460 ||| SHOPLISTING potion of heal wounds (60 gold, have
                  | 18).
   460 | D:1      | 460 ||| SHOPLISTING scroll of identify (24 gold, have 18).
   460 | D:1      | 460 ||| UPGRADING to +0 cloak.
   465 | D:1      | 465 ||| UPGRADING to +0 scale mail.
   475 | D:1      | 475 ||| DROPPING +0 leather armour.
   476 | D:1      | 476 ||| READING scroll labelled VISKOER WUENK.
   477 | D:1      | 477 ||| DROPPING scroll of butterflies.
   565 | D:2      | Reached XP level 3. HP: 20/20 MP: 5/5
   755 | D:2      | Found Nioneez's Antique Armour Shop.
   762 | D:2      | 762 ||| SHOPLISTING heavily jewelled robe (108 gold, have
                  | 58).
   762 | D:2      | 762 ||| SHOPLISTING pair of gloves (85 gold, have 58).
   762 | D:2      | 762 ||| SHOPLISTING smelly ring mail (171 gold, have 58).
   969 | D:2      | 969 ||| UPGRADING to +0 ring mail.
   979 | D:2      | 979 ||| DROPPING +0 scale mail.
   980 | D:2      | 980 ||| READING scroll labelled NAMOUGUWKU.
   981 | D:2      | 981 ||| READING scroll labelled OHARAG KIDWOVI.
   982 | D:2      | 982 ||| READING 2 scrolls labelled YTIANT OGISULE.
   986 | D:2      | 986 ||| READING scroll labelled QOSOER ETIEFUR.
  1044 | D:3      | Noticed Grinder
  1044 | D:3      | Paralysed by Grinder for 3 turns
  1056 | D:3      | HP: 3/20 [Grinder (6)]
  1057 | D:3      | 1057 ||| READING scroll of teleportation.
  1057 | D:3      | Slain by Grinder

Levels and vault maps discovered:
D:1:      lightli_arrival_isolated_outpost, layout_basic, serial_shops, shop
D:2:      layout_rooms, serial_shops, nicolae_shop_stone
D:3:      layout_loops_cross, gammafunk_ghost_arena,
          shapermc_ecumenical_altar_mp_highgroup, uniq_ijyb, uniq_grinder,
          uniq_crazy_yiuf_cottage

Skill      XL: |  1 |
---------------+----+-----
Ranged Weapons | 6 |  6.9
Fighting       | |  1.5
Dodging        | |  2.4
Stealth        | |  1.2

Action                     || total
---------------------------++-------
   Fire: Shortbow          ||    93
    Use: Scroll            ||     6
 Armour: Leather armour    ||    10
         Scale mail        ||     2
         Ring mail         ||     1
  Dodge: Dodged            ||    12

Table legend:
 A = Non-vault XP
 B = Vault XP
 C = Vault XP percentage of total XP
 D = Non-vault monster count
 E = Vault monster count
 F = Vault count percentage of total count
                 A         B        C        D         E       F
            +---------+---------+-------+---------+---------+-------
      Total |      62 |       0 |   0.0 |      27 |       0 |   0.0
            +---------+---------+-------+---------+---------+-------
        D:1 |      31 |       0 |   0.0 |      18 |       0 |   0.0
        D:2 |      28 |       0 |   0.0 |       8 |       0 |   0.0
        D:3 |       3 |       0 |   0.0 |       1 |       0 |   0.0
            +---------+---------+-------+---------+---------+-------
